AoeStats
← SlipspaceAmbassador

Golden Pit

510250123Analyzed
1v1 RM · 19h ago on Sep 30, 2026· 29m 43s· 2 players
Game mode
Random Map
Map size
Tiny (2 player)
Population
200
Speed
Normal
Resources
Standard
Victory
Conquest
Starting age
Dark Age
Ending age
Imperial Age
RankedLock teamsTeams togetherTeam positionsShared explorationLock speedFull tech treeHidden civsTurbo modeCheats
Victory
Defeat
🇺🇸 Magyars · United States
733
+14
🇦🇷 Teutons · Argentina
685
-14
Jabali Loco
7:04 Loom
10:20 Feudal Age
22:32 Castle Age
23:10 Wheelbarrow
SlipspaceAmbassador
4:29 Loom
10:26 Feudal Age
18:35 Wheelbarrow
17:46 Double-Bit Axe
18:56 Scale Barding Armor
20:23 Bloodlines
20:22 Horse Collar
28:11 Castle Age
26:25 Stone Mining
28:37 Fletching
Connection lost

Rejoining the realm…

Still unreachable

The connection could not be restored.

Session expired

The server has moved on; the page needs a fresh start.